 Dungeon Crawl Stone Soup version 0.28.0 (webtiles) character file.

Game seed: 17857345429656794358

35 Hasart the Ruffian (level 3, -5/28 HPs)
             Began as a Demigod Transmuter on Feb 9, 2022.
             Slain by an ancient zyme (6 damage)
             ... on level 2 of the Abyss.
             The game lasted 00:01:54 (1374 turns).

Hasart the Ruffian (Demigod Transmuter)             Turns: 1374, Time: 00:01:54

Health: -5/28      AC:  3    Str: 15    XL:     3   Next: 2%
Magic:  8/8        EV: 12    Int: 15    God:
Gold:   27         SH:  0    Dex: 14    Spells: 3/6 levels left

rFire   . . .      SeeInvis .     - Unarmed
rCold   . . .      Faith    .   (no shield)
rNeg    . . .      Spirit   .   a - +0 robe
rPois   .          Reflect  .   (no helmet)
rElec   .          Harm     .   c - +0 cloak
rCorr   .          Rampage  .   (no gloves)
Will    .....                   (no boots)
Stlth   +.........              (no amulet)
HPRegen 0.00/turn               (no ring)
MPRegen 0.11/turn               (no ring)

@: sick
A: high MP 1, forlorn, divine attributes
a: no special abilities


You were on level 2 of the Abyss.
You visited 1 branch of the dungeon, and saw 2 of its levels.
You visited the Abyss 1 time.

You collected 27 gold pieces.

Inventory:

Armour
 a - a +0 robe (worn)
 c - a +0 cloak (worn)
Scrolls
 d - 2 scrolls of identify {unknown}
 f - a scroll of teleportation {unknown}
 g - a scroll of magic mapping {unknown}
Potions
 b - 2 potions of heal wounds {unknown}
 e - a potion of mutation {unknown}


   Skills:
 + Level 1.3 Fighting
 + Level 2.1 Dodging
 * Level 3.1 Unarmed Combat
 + Level 2.1 Spellcasting
 + Level 2.0 Transmutations


You had 3 spell levels left.
You knew the following spells:

 Your Spells              Type           Power      Damage    Failure   Level
a - Beastly Appendage     Tmut           14%        N/A       10%         1
b - Wereblood             Tmut           7%         N/A       14%         2

Your spell library contained the following spells:

 Spells                   Type           Power      Damage    Failure   Level
 Spider Form              Tmut/Pois      4%         N/A       41%         3
 Ice Form                 Ice/Tmut       4%         N/A       82%         4


Dungeon Overview and Level Annotations

Branches:
Dungeon (2/15)

Annotations:
D:2 1 runed translucent door, Crazy Yiuf


Innate Abilities, Weirdness & Mutations

You have an increased reservoir of magic. (+10% MP)
You shall have no god before yourself.
Your divine heritage dramatically boosts your attributes as you level up.


Message History

The adder poisons you!
You barely miss the adder.
The adder is severely wounded.
You feel sick. The adder barely misses you.
You closely miss the adder.
The adder is severely wounded.
You feel sick. The adder closely misses you.
You barely miss the adder.
The adder is severely wounded.
You feel sick. The adder bites you. The adder misses you.
Casting: Beastly Appendage (safe; 10% risk of failure)
Confirm with . or Enter, or press ? or * to list all spells.
You miscast Beastly Appendage.
You are very lightly contaminated with residual magic.
Nothing appears to happen.
You feel sick. The adder barely misses you.
You hit the adder.
You kill the adder!
You feel sick.
The kobold throws a stone.
The stone barely misses you.
You have reached level 3!
Your experience leads to a dramatic increase in your attributes!
Increase (S)trength, (I)ntelligence, or (D)exterity?
You feel stronger. x4
You feel sick.
The kobold hits you with a +0 dagger of distortion.
You are cast into the Abyss!
This branch contains the abyssal rune of Zot.
You feel sick.
You are no longer poisoned.
Your magical contamination has completely faded away.
Found a gateway leading deeper into the Abyss.
There is a gateway leading deeper into the Abyss here.
You plunge deeper into the Abyss.
An ancient zyme comes into view.
You feel yourself growing ill in the presence of the ancient zyme.
You feel ill. The ancient zyme hits you!
Ouch! That really hurt!
* * * LOW HITPOINT WARNING * * *
The ancient zyme hits you.
You die...

.....................
...8.⌠.......⌠.8........
..................... ..
.................. .....
.......⌠.8.⌠............
........................
..................##.# .
........x.......#... ..
.......@................
........................
#.....................##
.............#.....## #
####...........#####
#############


You could see an ancient zyme.

Vanquished Creatures
  An adder (D:2)
  A bat (D:2)
  2 endoplasms
  2 goblins (D:1)
  3 hobgoblins (D:1)
  5 kobolds (D:1)
  A quokka (D:1)
  3 ball pythons (D:1)
  3 frilled lizards (D:1)
  2 rats (D:1)
23 creatures vanquished.

Notes
Turn   | Place    | Note
-------+----------+-------------------------------------------
     0 | D:1      | Hasart the Demigod Transmuter began the quest for the Orb.
     0 | D:1      | Reached XP level 1. HP: 15/15 MP: 5/5
    24 | D:1      | Reached skill level 1 in Fighting
   297 | D:1      | Reached XP level 2. HP: 23/23 MP: 5/7
   307 | D:1      | Learned a level 2 spell: Wereblood
   472 | D:1      | Reached skill level 3 in Unarmed Combat
  1227 | D:2      | Found a runed translucent door.
  1228 | D:2      | Noticed Crazy Yiuf
  1318 | D:2      | Reached XP level 3. HP: 13/28 MP: 6/8
  1318 | D:2      | Cast into level 1 of the Abyss (kobold)
  1367 | Abyss:2  | Noticed an ancient zyme
  1374 | Abyss:2  | HP: 1/28 [ancient zyme (14)]
  1374 | Abyss:2  | Slain by an ancient zyme

Illustrated notes

Levels and vault maps discovered:
D:1:      co_arrival_hall_of_pillars, layout_loops_ring, chequers_avenue,
          nrook_mini_vaults
D:2:      layout_basic, basic_altar, uniq_crazy_yiuf_cottage
Abyss:2:  base:
Temple

Skill      XL: |  1  2 |
---------------+-------+-----
Fighting       | 1 |  1.3
Spellcasting   | 2 |  2.1
Dodging        | 2 |  2.1
Unarmed Combat | 3 |  3.1
Transmutations | 2 |  2.0

Action                   || total
-------------------------++-------
Melee: Unarmed           ||    54
       Kick              ||    10
       Headbutt          ||     7
 Cast: Beastly Appendage ||    13
 Stab: Sleeping          ||     2
Armor: Robe              ||    11
Dodge: Dodged            ||    35
